 Dungeon Crawl Stone Soup version 0.29-a0-418-gc0181ea820 (webtiles) character file.

Game seed: 4147659430594283996

735 quokkamancerX the Conjurer (level 7, 0/45 HPs)
             Began as a White Draconian Conjurer on May 18, 2022.
             Was a Follower of Hepliaklqana.
             Slain by a scorpion (2 damage)
             ... on level 5 of the Dungeon.
             The game lasted 00:31:28 (6086 turns).

quokkamancerX the Conjurer (DrCj)                   Turns: 6086, Time: 00:31:29

Health: 0/45       AC:  6    Str:  9    XL:     7   Next: 45%
Magic:  1/14       EV: 12    Int: 20    God:    Hepliaklqana [*.....]
Gold:   367        SH:  0    Dex: 10    Spells: 13/16 levels left

rFire   . . .      SeeInvis .   l - +1 dagger (drain)
rCold   + . .      Faith    .   (no shield)
rNeg    . . .      Spirit   .   (body armour unavailable)
rPois   .          Reflect  .   (helmet restricted)
rElec   .          Harm     .   (no cloak)
rCorr   .          Rampage  .   (no gloves)
Will    .....                   (no boots)
Stlth   ++........              (no amulet)
HPRegen 0.15/turn               (no ring)
MPRegen 0.14/turn               (no ring)

@: lethally poisoned (0 -> -14), short of breath, studying Axes
A: reduced essence, breathe frost, AC +6, unfitting armour, cold resistance 1,
cold-blooded
a: Breathe Frost, Renounce Religion, Recall Ancestor, Ancestor Identity


You were on level 5 of the Dungeon.
You worshipped Hepliaklqana.
Hepliaklqana was aware of your devotion.
You visited 2 branches of the dungeon, and saw 6 of its levels.

You collected 367 gold pieces.

Inventory:

Hand Weapons
 l - a +1 dagger of draining (weapon)
Missiles
 k - 111 stones
Wands
 n - a wand of polymorph (12)
Scrolls
 d - a scroll of poison {unknown}
 e - a scroll of blinking {unknown}
 f - 2 scrolls of enchant weapon {unknown}
 g - a scroll of vulnerability {unknown}
 h - a scroll of fear {unknown}
 i - a scroll of teleportation {unknown}
 o - 3 scrolls of amnesia {unknown}
 q - a scroll of magic mapping {unknown}
 r - a scroll of immolation {unknown}
Potions
 a - a potion of magic
 b - 2 potions of heal wounds
 c - 2 potions of mutation
 j - a potion of ambrosia
 m - a potion of lignification {unknown}
 p - a potion of curing {unknown}


   Skills:
 - Level 1.9 Dodging
 - Level 4.0 Stealth
 + Level 5.2 Spellcasting
 - Level 6.0 Conjurations
 + Level 2.0 Hexes


You had 13 spell levels left.
You knew the following spells:

 Your Spells              Type           Power      Damage    Failure   Level
a - Magic Dart            Conj           100%       1d8       1%          1
b - Searing Ray           Conj           58%        2d6       1%          2

Your spell library contained the following spells:

 Spells                   Type           Power      Damage    Failure   Level
 Static Discharge         Conj/Air       17%        N/A       4%          2
 Dazzling Flash           Conj/Hex       42%        N/A       7%          3
 Conjure Flame            Conj/Fire      17%        6-21      10%         3
 Stone Arrow              Conj/Erth      34%        3d9       10%         3
 Sandblast                Erth           10%        2d5       12%         1
 Summon Small Mammal      Summ           20%        N/A       12%         1
 Passwall                 Tmut/Erth      4%         N/A       17%         2
 Summon Guardian Golem    Hex/Summ       9%         N/A       22%         3
 Fulminant Prism          Conj/Hex       10%        3d9       22%         4
 Iskenderun's Mystic Bla  Conj/Tloc      17%        2d5       32%         4
 Sticky Flame             Conj/Fire      17%        2d4       32%         4
 Call Canine Familiar     Summ           5%         N/A       34%         3
 Ignite Poison            Fire/Tmut/Pois 5%         N/A       34%         3
 Lightning Bolt           Conj/Air       8%         1d21      67%         5
 Freezing Cloud           Conj/Ice/Air   6%         6-21      80%         5
 Orb of Destruction       Conj           14%        9d7       100%        7
 Spellforged Servitor     Conj/Summ      8%         N/A       100%        7


Dungeon Overview and Level Annotations

Branches:
Dungeon (5/15)             Temple (1/1) D:4

Altars:
Ashenzari
Cheibriados
Elyvilon
Fedhas
Gozag
Hepliaklqana
Kikubaaqudgha
Makhleb
Nemelex Xobeh
Okawaru
Qazlal
Ru
Sif Muna
Trog
Uskayaw
Vehumet
Wu Jian
Yredelemnul
Zin
The Shining One


Innate Abilities, Weirdness & Mutations

Your life essence is reduced to manifest your ancestor. (-10% HP)
You can breathe waves of freezing cold which knock back foes.
Your icy white scales are hard. (AC +6)
You cannot fit into any form of body armour.
Your flesh is cold resistant. (rC+)
You are cold-blooded and may be slowed by cold attacks.


Message History

The scorpion poisons you!
The scorpion stings you but does no damage.
The scorpion attacks as you move away! The scorpion misses you.
You feel very sick.
You feel very sick.
Okay, then.
You feel sick.
You feel sick. The scorpion attacks as you move away! The scorpion misses you.
You feel sick.
The scorpion stings you but does no damage.
You feel sick. The scorpion attacks as you move away! The scorpion stings you.
You are more poisoned.
The scorpion poisons you!
You have got your breath back.
You feel sick.
Aiming: Breathe Frost (5% risk of failure)
Press: ? - help, Shift-Dir - straight line, f - scorpion
Aim: a scorpion (68% to hit)
You exhale a wave of freezing cold.
The freezing breath hits the scorpion!
The scorpion is heavily wounded.
The scorpion is blown backwards by the freezing wind.
* * * LOW HITPOINT WARNING * * *
You feel very sick.
Casting: Searing Ray (safe; 1% risk of failure)
Confirm with . or Enter, or press ? or * to list all spells.
Aiming: Searing Ray (safe; 1% risk of failure)
Press: ? - help, Shift-Dir - straight line, f/p - scorpion
Aim: a scorpion (heavily wounded, 79% to hit)
The searing ray hits the scorpion.
The scorpion is severely wounded. (Press . to maintain the ray.)
You feel sick.
The searing ray hits the scorpion.
The scorpion is almost dead.
You feel sick. The scorpion stings you.
* * * LOW HITPOINT WARNING * * *
You are more poisoned.
The scorpion poisons you! The scorpion stings you.
You die...

... #..##.....#####
...# #......##..#...
...# #....####...###
....####....# #..##
##.........####.##
#...........##..#
##.............##
##....s..#......#
#....@..####....######
..........#
##....#...#
..#.......#
###......### #.......#
#........##
.............##......#
#.....###...##
#......## .....# #..#
#..####.# .#..# #..#
#.## ##. ...# #.# ##


You could see a scorpion.

Vanquished Creatures
  2 ogres
  A necrophage (D:4)
  3 hounds
  3 orc priests
  3 iguanas
  3 orc wizards
  7 adders
  A white imp (D:4)
  2 ufetubi
  2 worms
  3 dart slugs
  10 orcs
  5 endoplasms
  3 giant cockroaches
  3 goblins
  5 hobgoblins
  7 jackals
  7 kobolds
  4 quokkas
  6 ball pythons
  5 bats
  7 frilled lizards
  4 rats
96 creatures vanquished.

Vanquished Creatures (others)
  An ancestor (D:5)
  2 fungi (D:3)
  5 toadstools (D:3)
8 creatures vanquished.

Grand Total: 104 creatures vanquished

Notes
Turn   | Place    | Note
-------+----------+-------------------------------------------
     0 | D:1      | quokkamancerX the Draconian Conjurer began the quest for
                  | the Orb.
     0 | D:1      | Reached XP level 1. HP: 14/14 MP: 3/3
   607 | D:1      | Reached XP level 2. HP: 20/20 MP: 0/5
  1546 | D:2      | Reached XP level 3. HP: 26/26 MP: 4/6
  1648 | D:2      | Learned a level 2 spell: Searing Ray
  2071 | D:3      | Reached XP level 4. HP: 19/33 MP: 1/8
  2996 | D:3      | Reached XP level 5. HP: 38/38 MP: 4/9
  3260 | D:3      | Reached skill level 5 in Conjurations
  3971 | D:4      | Found a staircase to the Ecumenical Temple.
  3989 | D:4      | Got Sif Muna's Grimoire of Confrontation
  3993 | Temple   | Entered the Ecumenical Temple
  4434 | Temple   | Became a worshipper of Hepliaklqana the Forgotten
  4670 | D:4      | Reached XP level 6. HP: 43/45 MP: 1/11
  5396 | D:5      | Entered Level 5 of the Dungeon
  5450 | D:5      | Reached skill level 6 in Conjurations
  5699 | D:5      | Your scales start taking on an icy white colour.
  5699 | D:5      | Reached XP level 7. HP: 50/50 MP: 5/14
  5699 | D:5      | Gained mutation: Your flesh is cold resistant. (rC+) [White
                  | Draconian growth]
  5967 | D:5      | Reached * piety under Hepliaklqana
  6050 | D:5      | Reached skill level 1 in Hexes
  6057 | D:5      | Reached skill level 5 in Spellcasting
  6086 | D:5      | HP: 2/45 [scorpion (5)]
  6086 | D:5      | Slain by a scorpion

Illustrated notes

Levels and vault maps discovered:
D:1:      minmay_arrival_semitransparent, layout_basic, minivault_4
D:2:      layout_rooms
D:3:      kennysheep_six_static_rooms, layout_loops_ring,
          minmay_gold_behind_fungi
D:4:      layout_loops_cross, minmay_temple_entry_offerings
D:5:      layout_layer_cave, serial_shops, kennysheep_mini_moat,
          minmay_diced_spiral
Temple:   mainiacjoe_temple_cubbyholes

Skill      XL: |  1  2  3  4  5  6  7 |
---------------+----------------------+-----
Stealth        | 2 3 4 |  4.0
Spellcasting   | 3 4 5 |  5.2
Conjurations   | 5 6 |  6.0
Hexes          | 2 |  2.0
Dodging        | |  1.9

Action                   |  1- 3 |  4- 6 |  7- 9 || total
-------------------------+-------+-------+-------++-------
Melee: Short sword       |     7 |       |       ||     7
       Unarmed           |     2 |       |       ||     2
       Tailslap          |     2 |       |       ||     2
       Dagger            |    11 |    25 |     7 ||    43
       Punch             |       |       |     1 ||     1
 Cast: Magic Dart        |    57 |    58 |     3 ||   118
       Searing Ray       |     2 |    20 |     7 ||    29
Invok: Ancestor Identity |       |       |     1 ||     1
 Abil: Breathe Frost     |       |       |     5 ||     5
  Use: Scroll            |     2 |     1 |       ||     3
Armor: Skin              |    10 |    24 |     7 ||    41
Dodge: Dodged            |    24 |    51 |    12 ||    87

Table legend: (Time is in decaauts)
 A = Elapsed time spent in this place.
 B = Non-inter-level travel time spent in this place.
 C = Inter-level travel time spent in this place.
 D = Time resting spent in this place.
 E = Time spent auto-exploring this place.
 F = Levels seen in this place.
 G = Mean time per level.
                   A        B        C        D        E       F      G
               +--------+--------+--------+--------+--------+-----+--------+
         Total |   6093 |   5847 |    246 |   2117 |   1023 |   6 | 1015.5 |
       Dungeon |   5614 |   5443 |    171 |   2117 |    809 |   5 | 1122.8 |
        Temple |    478 |    403 |     75 |      0 |    214 |   1 |  478.0 |
               +--------+--------+--------+--------+--------+-----+--------+

Top non-repeatable levels by time:
     D:3: 1558 daAuts
     D:1: 1304 daAuts
     D:4: 1215 daAuts
     D:2: 847 daAuts
     D:5: 689 daAuts
  Temple: 478 daAuts
